 Dungeon Crawl Stone Soup version 0.24-a0-769-g368c1644f8 (webtiles) character file.

Game seed: 642238821050082795, levelgen mode: deterministic

352251 Johnny the Petrodigitator (level 20, -46/162 HPs)
             Began as a Demigod Earth Elementalist on Oct 6, 2019.
             Killed from afar by a tengu reaver (52 damage)
             ... with a bolt of lightning
             ... on level 2 of the Depths.
             The game lasted 02:10:10 (54905 turns).

Johnny the Petrodigitator (DgEE)                   Turns: 54905, Time: 02:10:11

Health: -46/162    AC: 19    Str: 11    XL:     20   Next: 44%
Magic:  26/50      EV: 20    Int: 34    God:
Gold:   2715       SH:  0    Dex: 19    Spells: 12/43 levels left

rFire    . . .     SeeInvis +   l - staff of energy
rCold    + . .     Gourm    .   (no shield)
rNeg     . . .     Faith    .   D - +4 troll leather armour
rPois    +         Spirit   .   j - +2 helmet {SInv}
rElec    .         Reflect  .   U - +2 cloak {rPois}
rCorr    .         Harm     .   g - +2 pair of gloves {Dex+3}
MR       +++..                  V - +1 pair of boots
Stlth    ++........             b - amulet of magic regeneration
HPRegen  0.77/turn              e - ring "Baser" {rC+ MR+ Int+3 Slay+3}
MPRegen  0.57/turn              J - ring of magical power

@: very slightly contaminated, studying Ice Magic
A: high mp 1
}: 2/15 runes: decaying, gossamer
a: no special abilities


You were on level 2 of the Depths.
You were very hungry.

You visited 8 branches of the dungeon, and saw 38 of its levels.
You also visited: Sewer, Ossuary, Bailey, Gauntlet and Ice Cave.

You collected 4593 gold pieces.
You spent 1878 gold pieces at shops.

Inventory:

Hand Weapons
 E - the +6 spear "Ekopn" {protect, +Rage rF+++ rC+++ Dex-2}
   (You found it on level 10 of the Dungeon)

   It grants its wielder temporary protection when it strikes (+7 to AC).
   It affects your dexterity (-2).
   It renders you almost immune to fire.
   It renders you almost immune to cold.
   It lets you go berserk.
Missiles
 L - 284 stones (quivered)
Armour
 g - a +2 pair of gloves of dexterity (worn)
 j - a +2 helmet of see invisible (worn)
 D - a +4 troll leather armour (worn)
 U - a +2 cloak of poison resistance (worn)
 V - a +1 pair of boots (worn)
Magical Staves
 l - an uncursed staff of energy (weapon)
 y - an uncursed staff of earth
Jewellery
 b - an amulet of magic regeneration (around neck)
 e - the ring "Baser" (left hand) {rC+ MR+ Int+3 Slay+3}
   (You found it on level 13 of the Dungeon)

   [ring of protection from cold]

   It affects your intelligence (+3).
   It affects your accuracy and damage with ranged weapons and melee attacks
   (+3).
   It protects you from cold.
   It affects your resistance to hostile enchantments.
 w - the amulet "Wiuttach" {Reflect +Fly rPois rC- Int+4 SH+2}
   (You found it on level 3 of the Elven Halls)

   [amulet of reflection]

   It shields you and reflects attacks.
   It affects your intelligence (+4).
   It makes you vulnerable to cold.
   It protects you from poison.
   It lets you fly.
   It affects your SH (+2).
 B - an uncursed ring of resist corrosion
 C - an uncursed ring of positive energy
 J - a ring of magical power (right hand)
 P - the ring of Viamoh {-Tele rElec rF+ rC+ MR+}
   (You took it off a deep elf elementalist on level 3 of the Elven Halls)

   [ring of protection from cold]

   It protects you from fire.
   It protects you from cold.
   It insulates you from electricity.
   It affects your resistance to hostile enchantments.
   It prevents most forms of teleportation.
Wands
 u - a wand of paralysis (16)
 v - a wand of acid (9)
 x - a wand of enslavement (12)
 F - a wand of digging (3)
 G - a wand of iceblast (52)
 O - a wand of disintegration (8)
Scrolls
 a - 4 scrolls of holy word
 i - 4 scrolls of fog
 k - 2 scrolls of vulnerability
 m - 14 scrolls of teleportation
 n - 5 scrolls of magic mapping
 s - 19 scrolls of remove curse
 K - a scroll of fear
 M - 2 scrolls of identify
 T - a scroll of enchant armour
 X - a scroll of torment
Potions
 c - 2 potions of cancellation
 f - 4 potions of mutation
 o - 2 potions of heal wounds
 p - 6 potions of flight
 q - 5 potions of lignification
 r - 2 potions of brilliance
 t - 4 potions of curing
 H - 2 potions of berserk rage {unknown}
 I - 4 potions of ambrosia
 N - a potion of invisibility
 R - a potion of magic
 S - 3 potions of haste
 W - a potion of agility {unknown}
 Y - 4 potions of might
Books
 z - a manual of Ice Magic
 A - a manual of Ice Magic
Miscellaneous
 Q - a lightning rod (4/4)
 Z - a phantom mirror
Comestibles
 d - 34 rations


   Skills:
 - Level 10.5 Fighting
 - Level 10.7 Dodging
 - Level 1.7 Stealth
 + Level 12.2 Spellcasting
 + Level 9.6 Necromancy
 - Level 0.8 Transmutations
 O Level 27 Earth Magic


You had 12 spell levels left.
You knew the following spells:

 Your Spells              Type           Power        Failure   Level  Hunger
a - Sandblast             Erth           ######       0%          1    None
b - Stone Arrow           Conj/Erth      ######       1%          3    None
c - Lee's Rapid Deconstr  Erth           ########..   0%          5    None
d - Petrify               Tmut/Erth      #######.     1%          4    None
e - Blink                 Tloc           N/A          4%          2    None
f - Shatter               Erth           ########..   4%          9    None
g - Borgnjor's Vile Clut  Necr/Erth      #######...   1%          5    None
v - Sublimation of Blood  Necr           ######....   1%          2    None

Your spell library contained the following spells:

 Spells                   Type           Power        Failure   Level  Hunger
 Passwall                 Tmut/Erth      #######.     0%          2    None
 Animate Skeleton         Necr           N/A          1%          1    None
 Pain                     Necr           ####         1%          1    None
 Corpse Rot               Necr           N/A          1%          2    None
 Regeneration             Chrm/Necr      ######....   1%          3    None
 Vampiric Draining        Necr           ######....   1%          3    None
 Animate Dead             Necr           N/A          1%          4    None
 Agony                    Necr           ######..     1%          5    None
 Dispel Undead            Necr           ######..     1%          5    None
 Iron Shot                Conj/Erth      #######...   1%          6    None
 Apportation              Tloc           ###...       2%          1    None
 Corona                   Hex            ###....      2%          1    None
 Magic Dart               Conj           ###.         2%          1    None
 Sting                    Conj/Pois      ###.         2%          1    None
 Summon Butterflies       Summ           ###.....     2%          1    None
 Summon Small Mammal      Summ           ###.         2%          1    None
 Call Imp                 Summ           ###.....     4%          2    None
 Ensorcelled Hibernation  Hex/Ice        ###...       4%          2    None
 Poisonous Vapours        Pois/Air       ###...       4%          2    None
 Shroud of Golubria       Chrm/Tloc      ###...       4%          2    None
 Slow                     Hex            ###.....     4%          2    None
 Call Canine Familiar     Summ           ###.....     9%          3    None
 Confuse                  Hex            ###.....     9%          3    None
 Conjure Flame            Conj/Fire      ###.....     9%          3    None
 Dazzling Spray           Conj/Hex       ###...       9%          3    None
 Gell's Gravitas          Tloc           ###.......   9%          3    None
 Lesser Beckoning         Tloc           ###.......   9%          3    None
 Mephitic Cloud           Conj/Pois/Air  ###.....     9%          3    None
 Recall                   Summ/Tloc      N/A          9%          3    None
 Spectral Weapon          Hex/Chrm       ###.....     9%          3    None
 Static Discharge         Conj/Air       ###.....     9%          3    None
 Summon Guardian Golem    Hex/Summ       ###.....     9%          3    None
 Teleport Other           Tloc           ###.....     9%          3    None
 Tukima's Dance           Hex            ###.....     9%          3    None
 Bolt of Draining         Conj/Necr      ######....   11%         5    None
 Excruciating Wounds      Chrm/Necr      ######....   11%         5    None
 Ice Form                 Ice/Tmut       ###.....     24%         4    None
 Olgreb's Toxic Radiance  Pois           ###.....     28%         4    None
 Passage of Golubria      Tloc           N/A          28%         4    None
 Summon Ice Beast         Ice/Summ       ###.....     28%         4    None
 Summon Lightning Spire   Summ/Air       ###.....     28%         4    None
 Simulacrum               Ice/Necr       ######....   52%         6    None
 Alistair's Intoxication  Tmut/Pois      ###.....     54%         5    None
 Aura of Abjuration       Summ           ###.......   61%         5    None
 Lightning Bolt           Conj/Air       ###.......   61%         5    None
 Metabolic Englaciation   Hex/Ice        ###.......   61%         5    None
 Summon Demon             Summ           ###.......   61%         5    None
 Summon Forest            Summ/Tloc      ###.......   61%         5    None
 Summon Mana Viper        Hex/Summ       ###.....     61%         5    None
 Venom Bolt               Conj/Pois      ###.......   61%         5    None
 Hydra Form               Tmut           ####......   96%         6    None
 Bolt of Cold             Conj/Ice       ###.......   99%         6    None
 Darkness                 Hex            ###.......   99%         6    None
 Deflect Missiles         Chrm/Air       ###.......   99%         6    None
 Freezing Cloud           Conj/Ice/Air   ###.......   99%         6    None
 Invisibility             Hex            ###.....     99%         6    None
 Ozocubu's Refrigeration  Ice            ###.......   99%         6    None
 Shadow Creatures         Summ           N/A          99%         6    None
 Ring of Flames           Chrm/Fire      ###.......   100%        7    None
 Summon Hydra             Summ           ###.......   100%        7    None
 Ignition                 Fire           ###.......   100%        8    None
 Tornado                  Air            ###.......   100%        9    None


Dungeon Overview and Level Annotations

Branches:
Dungeon (15/15)            Temple (0/1) D:4            Lair (6/6) D:9
  Swamp (4/4) Lair:3       Spider (4/4) Lair:4        Slime (0/5) Lair:6
    Orc (2/2) D:9             Elf (3/3) Orc:2        Vaults (2/5) D:14
 Depths (2/5) D:15          Sewer (visited)         Ossuary (visited)
 Bailey (visited)           IceCv (visited)         Gauntlet (visited)
  Crypt: Vaults:2-3

Shops:
D:5 *   D:13 [   D:15 :   Orc:2 %*?*

Portals:
Hell: Depths:1 Depths:2
Pandemonium: Depths:2
Trove: D:13 (give 15 scrolls of teleportation)

Annotations:
D:11 2 runed translucent doors
D:14 Ruit's ghost, veteran MiFi
Swamp:1 1 transporter
Vaults:1 exclusion: player ghost


Innate Abilities, Weirdness & Mutations

You have an increased reservoir of magic. (+10% MP)


Message History

You feel much better.
Unknown command.
Casting: Petrify (safe; 1% risk of failure)
Confirm with . or Enter, or press ? or * to list all spells.
The dungeon rumbles!
You destroy the battlesphere!
Ka-crash!
The tengu reaver hits you with the +10 hand axe "Jellyslayer" {chop, *Slow +Inv MR+++ Str-3}!!
* * * LOW HITPOINT WARNING * * *
x2 The tengu reaver barely misses you.
The tengu reaver claws you but does no damage.
Blink to where?
Press: ? - help, Dir - move target cursor, p - tengu reaver You are very lightly contaminated with residual magic.
As you read the scroll of blinking, it crumbles to dust.
As you read the scroll of fog, it crumbles to dust.
The scroll dissolves into smoke.
The tengu reaver casts a spell at you. The bolt of lightning hits you!!!
You die...

..........#.≈..§≈§..............#
..................(....Q.......##
.........(...(.....([..........#
............)(...................
.......))...(.#....(.........#...
........)...(((....(.............
............(......(...........#.
...............§§§.(.........#
.....<÷........§@§....(......#
.......(.......§§#§#..(....###
.....÷(..........(......##..#
..(............(.#.#......##.#
..)....#...............#.## #
........(..(......>...####
.......................#
..............#.#...#..#
.................###.###


You could see a tengu reaver.

Vanquished Creatures
  the Lernaean hydra (Swamp:4)
  Nikola (Swamp:2)
  Arachne (Spider:3)
  Rupert (D:12)
  5 deep elf blademasters
  A lich (Depths:2)
  6 deep elf master archers (Elf:3)
  2 thorn hunters
  Frances (Swamp:1)
  Donald (Swamp:1)
  2 fire giants
  A deep elf sorcerer (Elf:3)
  5 vault wardens
  2 frost giants (Depths:2)
  2 deep elf elementalists (Elf:3)
  10 emperor scorpions
  3 ghost moths
  The ghost of Burgietje the Severer, an adept GrFi of Okawaru (Swamp:1)
  4 ironheart preservers
  8 very ugly things
  8 stone giants
  2 entropy weavers
  3 deep elf demonologists
  6 deep elf annihilators (Elf:3)
  4 spark wasps
  A minotaur (Gauntlet)
  Snorg (D:14)
  3 deep elf death magi (Elf:3)
  3 ettins
  Josephine (D:12)
  The ghost of Acour the Geomancer, a journeyman GrEE of Vehumet (D:14)
  2 deep elf high priests (Elf:3)
  A fire dragon (Vaults:2)
  4 yaktaur captains
  5 rakshasas
  Harold (Orc:1)
  A great orb of eyes (Depths:2)
  Erolcha (D:13)
  3 ice dragons
  8 vault guards
  19 hydras
  2 ghost crabs
  3 catoblepae (Lair:6)
  2 shambling mangroves
  Erica (D:9)
  16 centaur warriors
  2 ogre magi
  4 alligators
  8 two-headed ogres
  26 dancing weapons
  2 spectral humans (Vaults:2)
  13 death yaks
  A tengu warrior (Depths:1)
  2 hell hogs (Depths:2)
  2 orc high priests
  A spectral elf (Vaults:2)
  3 deep troll shamans
  3 spriggans (Swamp:1)
  17 deep elf knights
  Nergalle (D:10)
  Sonja (D:10)
  4 skeletal warriors
  10 deep trolls
  A spectral yaktaur (Vaults:2)
  A flayed ghost (Depths:1)
  20 swamp dragons
  An unseen horror (D:15)
  2 shadow wraiths
  4 lindwurms (Lair:6)
  6 deep elf archers
  2 spriggan druids
  A wizard (Depths:1)
  7 orc knights
  48 deep elf magi
  A lindwurm (shapeshifter) (Vaults:1)
  10 harpies
  11 ironbrand convokers
  19 orb spiders
  A wolf spider zombie (D:13)
  31 wolf spiders
  2 manticores (Lair:6)
  56 ugly things
  2 oklob plants
  An orc sorcerer (Orc:1)
  A necromancer (IceCv)
  8 cyclopes
  A moth of wrath (Spider:4)
  A salamander (shapeshifter) (Elf:3)
  A water nymph (shapeshifter) (Depths:2)
  2 apocalypse crabs (Gauntlet)
  4 elephants (Lair:2)
  7 vault sentinels
  An ice statue (IceCv)
  5 black mambas
  Maurice (Orc:1)
  Psyche (D:8)
  19 spiny frogs
  4 torpor snails
  A rime drake (shapeshifter) (Depths:2)
  An efreet (D:13)
  18 yaktaurs
  3 rime drakes
  8 demonic crawlers
  10 komodo dragons
  A spectral deep troll (Vaults:2)
  2 kobold demonologists
  A tengu conjurer (Depths:2)
  A jumping spider (shapeshifter) (D:14)
  A komodo dragon (shapeshifter) (Elf:2)
  A polar bear (Lair:5)
  A meliai (shapeshifter) (D:14)
  33 jumping spiders
  A spectral glowing shapeshifter (Vaults:2)
  12 trolls
  12 freezing wraiths
  9 tyrant leeches
  12 hornets
  Prince Ribbit (D:7)
  22 slime creatures
  37 blink frogs
  10 bog bodies
  13 dream sheep
  7 hippogriffs
  2 human simulacra (Vaults:2)
  A frost giant simulacrum (Vaults:2)
  3 centaur simulacra
  3 shadows
  3 air elementals
  34 tarantellas
  3 wyverns
  67 yaks
  A vampire (D:13)
  64 redbacks
  5 wraiths
  4 water elementals
  6 humans (D:11)
  5 fire elementals
  7 basilisks
  7 hungry ghosts
  Grum (D:8)
  2 death yak simulacra (IceCv)
  22 vampire mosquitoes
  An acid dragon (Vaults:1)
  12 insubstantial wisps
  6 wargs
  11 swamp worms
  5 hell hounds (Depths:2)
  15 water moccasins
  A floating eye (Depths:2)
  7 porcupines
  61 orc warriors
  3 sky beasts
  12 swamp drakes
  11 ice beasts
  2 phantoms
  An eye of draining (D:12)
  9 ogres
  3 black bears
  An ettin simulacrum (Vaults:2)
  A necrophage (D:10)
  5 boggarts (Depths:2)
  16 wolves
  20 centaurs
  14 crocodiles
  6 big kobolds
  2 earth elementals
  12 bullfrogs
  A deep troll simulacrum (Vaults:2)
  A gnoll sergeant (D:6)
  2 wyvern skeletons
  5 scorpions
  An elephant simulacrum (IceCv)
  19 killer bees
  4 howler monkeys
  16 wights
  2 electric eels
  3 bullfrog zombies
  3 centaur zombies
  4 crimson imps
  5 draconian simulacra (IceCv)
  9 hounds
  2 jellies (D:8)
  A gnoll shaman (D:8)
  14 orc priests
  A bullfrog skeleton (D:10)
  4 centaur skeletons
  Jessica (Elf:2)
  2 iguanas
  27 orc wizards
  2 troll simulacra (IceCv)
  4 hell rats (Lair:1)
  3 spriggan simulacra (IceCv)
  5 worker ants
  A polar bear simulacrum (IceCv)
  A killer bee zombie (D:8)
  A hound zombie (D:6)
  A hound skeleton (D:5)
  4 mummies
  2 worker ant zombies
  13 gnolls
  2 ogre simulacra (IceCv)
  13 adders
  6 naga simulacra (IceCv)
  11 river rats
  9 shadow imps
  12 white imps (IceCv)
  An ooze (D:4)
  An adder zombie (D:9)
  2 adder skeletons
  3 worms (D:2)
  4 dart slugs
  10 leopard geckos
  98 orcs
  A ball python (D:3)
  10 giant cockroaches
  13 goblins
  7 hobgoblins
  11 jackals
  5 quokkas
  5 bats
  8 frilled lizards
  3 goblin zombies (Ossuary)
  2 hobgoblin zombies (Ossuary)
  A jackal zombie (D:8)
  20 kobolds
  5 kobold zombies (Ossuary)
  An orc zombie (Ossuary)
  2 quokka zombies (Ossuary)
  12 rats
  5 rat zombies (Ossuary)
  42 briar patches
  3 fungi
  A plant (Lair:6)
1731 creatures vanquished.

Vanquished Creatures (others)
  A spectral human (Vaults:2)
  A water elemental (Elf:2)
  24 fungi
  15 plants
41 creatures vanquished.

Grand Total: 1772 creatures vanquished

Notes
Turn   | Place    | Note
-------+----------+-------------------------------------------
     0 | D:1      | Johnny the Demigod Earth Elementalist began the quest for
                  | the Orb.
     0 | D:1      | Reached XP level 1. HP: 14/14 MP: 5/5
   182 | D:1      | Reached XP level 2. HP: 8/22 MP: 5/7
   406 | D:1      | Reached skill level 3 in Earth Magic
  1213 | D:2      | Reached XP level 3. HP: 27/27 MP: 3/8
  1231 | D:2      | Reached skill level 1 in Fighting
  2300 | D:3      | Reached XP level 4. HP: 18/35 MP: 4/10
  2624 | D:3      | Found a burning altar of Makhleb.
  2991 | D:4      | Reached skill level 4 in Earth Magic
  2991 | D:4      | Reached XP level 5. HP: 34/41 MP: 7/11
  3325 | D:4      | Found a staircase to the Ecumenical Temple.
  3393 | D:4      | Found a glowing drain.
  3406 | Sewer    | Entered a sewer
  3478 | Sewer    | Reached XP level 6. HP: 35/49 MP: 4/13
  3592 | Sewer    | Found a white marble altar of Elyvilon.
  4257 | D:5      | Entered Level 5 of the Dungeon
  4322 | D:5      | Reached skill level 5 in Earth Magic
  4370 | D:5      | Reached XP level 7. HP: 35/56 MP: 9/15
  4396 | D:5      | Found a sand-covered staircase.
  4407 | Ossuary  | Entered an ossuary
  4728 | D:5      | Found Mocebaa's General Store.
  4817 | D:5      | Bought 14 stones for 19 gold pieces
  4897 | D:5      | Reached skill level 6 in Earth Magic
  5480 | D:5      | Found a snail-covered altar of Cheibriados.
  5480 | D:5      | Found a glowing silver altar of Zin.
  5481 | D:5      | Found a sparkling altar of Nemelex Xobeh.
  5622 | D:5      | Learned a level 3 spell: Stone Arrow
  5628 | D:5      | Learned a level 5 spell: Lee's Rapid Deconstruction
  5633 | D:5      | Learned a level 4 spell: Petrify
  5855 | D:6      | Reached XP level 8. HP: 59/66 MP: 12/17
  5994 | D:5      | Noticed a rust devil
  5994 | D:5      | Noticed a rust devil
  5994 | D:5      | Identified the +6 war axe of Vutisi Fitoo {freeze, Int+5}
  6186 | D:7      | Got a wizard robe
  6197 | D:7      | Identified the +0 robe of Ukodwiav {rF- rC++ Slay+6} (You
                  | found it on level 7 of the Dungeon)
  6235 | D:7      | Noticed Prince Ribbit
  6240 | D:7      | Killed Prince Ribbit
  6542 | D:7      | Reached skill level 7 in Earth Magic
  6797 | D:7      | Reached skill level 5 in Dodging
  7062 | D:7      | Found a sacrificial altar of Ru.
  7308 | D:6      | Found a blossoming altar of Fedhas.
  7748 | D:8      | Reached XP level 9. HP: 70/73 MP: 18/20
  7847 | D:8      | Reached skill level 5 in Fighting
  7847 | D:8      | Reached skill level 5 in Spellcasting
  7855 | D:8      | Noticed a two-headed ogre
  7859 | D:8      | Killed a two-headed ogre
  7859 | D:8      | Reached skill level 8 in Earth Magic
  8090 | D:8      | Noticed Grum
  8094 | D:8      | Killed Grum
  8668 | D:8      | Reached skill level 9 in Earth Magic
  8899 | D:8      | Noticed Psyche
  8922 | D:8      | Killed Psyche
  9025 | D:9      | Reached XP level 10. HP: 54/83 MP: 11/22
  9470 | D:9      | Found a staircase to the Orcish Mines.
  9518 | D:9      | Found a staircase to the Lair.
  9974 | D:9      | Noticed Erica
  9978 | D:9      | Killed Erica
  9978 | D:9      | Reached skill level 10 in Earth Magic
 10085 | D:9      | Found a hazy altar of Hepliaklqana.
 10087 | D:9      | Found a burning altar of Makhleb.
 10087 | D:9      | Found an opulent altar of Gozag.
 10089 | D:9      | Found a radiant altar of Vehumet.
 10089 | D:9      | Found a shattered altar of Ashenzari.
 10089 | D:9      | Found a shimmering altar of Xom.
 10210 | D:9      | Found an ornate altar of the Wu Jian Council.
 10255 | D:10     | Entered Level 10 of the Dungeon
 10282 | D:10     | Noticed Sonja
 10284 | D:10     | Killed Sonja
 10294 | D:10     | Noticed Nergalle
 10304 | D:10     | Killed Nergalle
 10342 | D:10     | Reached XP level 11. HP: 32/92 MP: 3/25
 10657 | D:10     | Found an ancient bone altar of Kikubaaqudgha.
 11016 | D:10     | Got an ancient spear
 11017 | D:10     | Identified the +6 spear "Ekopn" {protect, +Rage rF+++ rC+++
                  | Dex-2} (You found it on level 10 of the Dungeon)
 11442 | D:10     | Reached skill level 11 in Earth Magic
 11710 | D:11     | Found a flagged portal.
 11739 | Bailey   | Entered a bailey
 12701 | Bailey   | Found a roughly hewn altar of Beogh.
 12701 | Bailey   | Noticed an orc knight
 12706 | Bailey   | Killed an orc knight
 12906 | D:11     | Noticed a centaur warrior
 12913 | D:11     | Killed a centaur warrior
 13030 | D:11     | Reached skill level 12 in Earth Magic
 13149 | D:11     | Found a runed translucent door.
 13203 | D:11     | Found a runed translucent door.
 13558 | D:11     | Found a large runed translucent door.
 13558 | D:11     | Found a large runed translucent door.
 13579 | D:11     | Found a runed translucent door.
 13673 | D:11     | Reached XP level 12. HP: 83/103 MP: 17/28
 13800 | D:11     | Noticed a three-headed hydra
 13806 | D:11     | Killed a three-headed hydra
 13954 | D:11     | Reached skill level 13 in Earth Magic
 14255 | D:11     | Found a runed translucent door.
 14451 | D:12     | Noticed a four-headed hydra
 14460 | D:12     | Killed a four-headed hydra
 14466 | D:12     | Identified the cursed +1 leather armour of Zyg Teopp {rElec
                  | rF+}
 14660 | D:12     | Noticed Josephine
 14667 | D:12     | Killed Josephine
 14954 | D:12     | Noticed Rupert
 14965 | D:12     | Killed Rupert
 14965 | D:12     | Reached skill level 14 in Earth Magic
 15304 | D:13     | Found Featrer's Antique Armour Shoppe.
 15354 | D:13     | Noticed a centaur warrior
 15367 | D:13     | Killed a centaur warrior
 15380 | D:13     | Noticed a centaur warrior
 15380 | D:13     | Noticed a centaur warrior
 15395 | D:13     | Killed a centaur warrior
 15417 | D:13     | Found a gate leading to a gauntlet.
 15424 | Gauntlet | Entered a Gauntlet
 15424 | Gauntlet | Found a large runed translucent door.
 15424 | Gauntlet | Found a large runed translucent door.
 15424 | Gauntlet | Found a large runed translucent door.
 15424 | Gauntlet | Found a large runed translucent door.
 15424 | Gauntlet | Found a runed translucent door.
 15424 | Gauntlet | Found a large runed translucent door.
 15424 | Gauntlet | Found a large runed translucent door.
 15424 | Gauntlet | Found a transporter.
 15424 | Gauntlet | Found a transporter.
 15424 | Gauntlet | Found a large runed translucent door.
 15424 | Gauntlet | Found a large runed translucent door.
 15424 | Gauntlet | Found a runed translucent gate.
 15424 | Gauntlet | Found a runed translucent gate.
 15424 | Gauntlet | Found a transporter.
 15510 | Gauntlet | Found a transporter.
 15513 | Gauntlet | Found a runed translucent gate.
 15513 | Gauntlet | Found a runed translucent door.
 15513 | Gauntlet | Found a transporter.
 15546 | Gauntlet | Found a large runed translucent door.
 15546 | Gauntlet | Found a large runed translucent door.
 15546 | Gauntlet | Found a large runed translucent door.
 15546 | Gauntlet | Found a large runed translucent door.
 15547 | Gauntlet | Found a large runed translucent door.
 15547 | Gauntlet | Found a large runed translucent door.
 15548 | Gauntlet | Found a large runed translucent door.
 15548 | Gauntlet | Found a large runed translucent door.
 15614 | Gauntlet | Got a sparkling zirconium amulet
 15704 | Gauntlet | Identified the amulet of Etiutai {+Rage rC+ Int+3} (You
                  | found it in a Gauntlet)
 15715 | Gauntlet | Found a transporter.
 15822 | Gauntlet | Noticed a minotaur
 15827 | Gauntlet | Killed a minotaur
 15851 | Gauntlet | Identified Vivequit's Handbook of Bewitchment
 15855 | Gauntlet | Identified Sif Muna's Tome of Supportive Earth
 15857 | Gauntlet | Got a shadowed robe
 15884 | Gauntlet | Identified the cursed +0 robe of Wigaraoso {rElec MR- SInv}
                  | (You found it in a Gauntlet)
 16325 | D:13     | Killed a centaur warrior
 16466 | D:13     | Reached XP level 13. HP: 58/111 MP: 25/30
 16569 | D:13     | Got a smoking bronze ring
 16613 | D:13     | Bought a glowing helmet for 255 gold pieces
 16633 | D:13     | Identified the ring "Baser" {rC+ MR+ Int+3 Slay+3} (You
                  | found it on level 13 of the Dungeon)
 16837 | D:13     | Noticed Erolcha
 16843 | D:13     | Killed Erolcha
 16843 | D:13     | Reached skill level 15 in Earth Magic
 16896 | D:13     | Found a portal to a secret trove of treasure.
 17292 | D:13     | Reached skill level 10 in Dodging
 17775 | D:14     | Found a runed translucent gate.
 17776 | D:14     | Found a runed translucent gate.
 17776 | D:14     | Found a runed translucent gate.
 17776 | D:14     | Noticed Acour's ghost (journeyman GrEE)
 17930 | D:14     | Found a gate to the Vaults.
 18203 | D:14     | Noticed Snorg
 18227 | D:14     | Killed Snorg
 18227 | D:14     | Reached skill level 10 in Fighting
 18369 | D:14     | Identified a scroll of acquirement
 18528 | D:14     | Killed Acour's ghost
 18657 | D:15     | Entered Level 15 of the Dungeon
 18719 | D:15     | Found a shadowy altar of Dithmenos.
 18731 | D:15     | Reached skill level 16 in Earth Magic
 19231 | D:15     | Found a staircase to the Depths.
 19455 | D:15     | Found Weiqauq's Book Shoppe.
 19926 | D:15     | Bought a book of the Tempests for 1120 gold pieces
 19930 | D:15     | Learned a level 2 spell: Blink
 19940 | D:15     | Learned a level 9 spell: Shatter
 19946 | D:15     | Learned a level 5 spell: Borgnjor's Vile Clutch
 20163 | Orc:1    | Entered Level 1 of the Orcish Mines
 20163 | Orc:1    | Noticed Harold
 20167 | Orc:1    | Noticed Maurice
 20170 | Orc:1    | Killed Harold
 20170 | Orc:1    | Reached XP level 14. HP: 122/122 MP: 8/32
 20299 | Orc:1    | Killed Maurice
 20387 | Orc:2    | Entered Level 2 of the Orcish Mines
 20387 | Orc:2    | Found a staircase to the Elven Halls.
 20546 | Lair:1   | Entered Level 1 of the Lair of Beasts
 20678 | Lair:1   | Found a frozen archway.
 20694 | IceCv    | Entered an ice cave
 20716 | IceCv    | Reached skill level 17 in Earth Magic
 21214 | IceCv    | Found an ancient bone altar of Kikubaaqudgha.
 23096 | Lair:2   | Reached skill level 18 in Earth Magic
 24172 | Lair:3   | Found a staircase to the Swamp.
 24973 | Lair:4   | Got a pitted ring mail
 25110 | Lair:4   | Found a hole to the Spider Nest.
 25855 | Lair:5   | Reached skill level 19 in Earth Magic
 26043 | Lair:5   | Reached XP level 15. HP: 128/128 MP: 33/33
 26771 | Lair:5   | Identified the +1 ring mail of Supple Strength {rElec Str+3
                  | Int+2 Dex-4} (You found it on level 4 of the Lair of
                  | Beasts)
 26894 | Lair:5   | Found the +5 demon whip "Spellbinder" {antimagic, MR+}
 27163 | Lair:6   | Entered Level 6 of the Lair of Beasts
 27874 | Lair:6   | Reached skill level 20 in Earth Magic
 28212 | Lair:6   | Found a staircase to the Slime Pits.
 29244 | Lair:6   | Identified Further Steps in Wizardry
 29254 | Lair:6   | Got a brightly glowing leather armour
 29267 | Lair:6   | Identified the +0 leather armour "Dudghoil" {+Inv rC+
                  | Stlth+} (You found it on level 6 of the Lair of Beasts)
 29801 | Orc:2    | Found a roughly hewn altar of Beogh.
 30654 | Orc:2    | Found Maogalo's General Store.
 30654 | Orc:2    | Found Fyptei's Magic Scroll Emporium.
 30656 | Orc:2    | Found Yneqoe Quwn's General Store.
 30658 | Orc:2    | Found Giusar's Food Shop.
 30663 | Orc:2    | Bought a scroll of teleportation for 42 gold pieces
 30667 | Orc:2    | Bought a scroll of identify for 32 gold pieces
 30667 | Orc:2    | Bought a scroll of identify for 32 gold pieces
 30671 | Orc:2    | Bought a scroll of fog for 28 gold pieces
 30671 | Orc:2    | Bought a scroll of enchant armour for 105 gold pieces
 30671 | Orc:2    | Bought a scroll of enchant armour for 105 gold pieces
 30671 | Orc:2    | Bought a scroll of identify for 28 gold pieces
 30676 | Orc:2    | Bought a scroll of holy word for 112 gold pieces
 30712 | Orc:1    | Found a roughly hewn altar of Beogh.
 31198 | Swamp:1  | Entered Level 1 of the Swamp
 31213 | Swamp:1  | Noticed Frances
 31385 | Spider:1 | Entered Level 1 of the Spider Nest
 31634 | Spider:1 | Reached skill level 21 in Earth Magic
 32085 | Spider:1 | Reached XP level 16. HP: 100/135 MP: 16/34
 35262 | Spider:3 | Reached skill level 22 in Earth Magic
 35992 | Spider:4 | Entered Level 4 of the Spider Nest
 35992 | Spider:4 | Noticed Arachne
 36025 | Spider:3 | Killed Arachne
 38149 | Spider:4 | Learned a level 2 spell: Sublimation of Blood
 38755 | Spider:4 | Reached skill level 23 in Earth Magic
 39031 | Spider:4 | Reached XP level 17. HP: 117/141 MP: 4/36
 39494 | Spider:4 | Got a gossamer rune of Zot
 40153 | Swamp:1  | Noticed Donald
 40472 | Elf:1    | Entered Level 1 of the Elven Halls
 42168 | Elf:2    | Found the cursed necklace of Bloodlust {*Rage +Rage MR++
                  | Int-3 Slay+6 *Curse}
 42282 | Elf:2    | Noticed Jessica
 42302 | Elf:2    | Found a shimmering blue altar of Sif Muna.
 42313 | Elf:2    | Killed Jessica
 42581 | Elf:2    | Found a huge runed translucent gate.
 42581 | Elf:2    | Found a huge runed translucent gate.
 42581 | Elf:2    | Found a huge runed translucent gate.
 42581 | Elf:2    | Found a huge runed translucent gate.
 42581 | Elf:2    | Found a huge runed translucent gate.
 42931 | Elf:2    | Reached skill level 24 in Earth Magic
 43191 | Elf:2    | Noticed a deep elf blademaster
 43203 | Elf:2    | Killed a deep elf blademaster
 43709 | Elf:3    | Entered Level 3 of the Elven Halls
 44576 | Elf:3    | Noticed a deep elf blademaster
 44579 | Elf:3    | Killed a deep elf blademaster
 44724 | Elf:3    | Reached XP level 18. HP: 123/149 MP: 35/37
 44980 | Elf:3    | Reached skill level 25 in Earth Magic
 44986 | Elf:3    | Identified the +1 fire dragon scales of Hopscotch {+Blink
                  | rF++ rC- rN+ Dex+4}
 45470 | Elf:3    | Reached skill level 1 in Necromancy
 45529 | Elf:3    | Identified the +5 mace "Ceuta" {crush, Str+8}
 45559 | Elf:3    | Got a fine robe
 45581 | Elf:3    | Got a wavering diamond amulet
 45585 | Elf:3    | Got a bloodstained robe
 45587 | Elf:3    | Identified the +2 robe of Anaesthesia {Str-2 Int+4 Dex+5}
                  | (You found it on level 3 of the Elven Halls)
 45600 | Elf:3    | Identified the ring of Viamoh {-Tele rElec rF+ rC+ MR+}
 45638 | Elf:3    | Identified the amulet "Yhulan" {Faith MR+++ Int-3} (You
                  | found it on level 3 of the Elven Halls)
 45647 | Elf:3    | Got a bound ruby amulet
 45648 | Elf:3    | Identified the amulet "Wiuttach" {Reflect +Fly rPois rC-
                  | Int+4 SH+2} (You found it on level 3 of the Elven Halls)
 45674 | Elf:3    | Identified the +1 robe of Negligence {rC- Dex+7 Slay+3}
                  | (You found it on level 3 of the Elven Halls)
 45894 | Swamp:1  | Killed Donald
 45896 | Swamp:1  | Killed Frances
 46098 | Swamp:1  | Found a transporter.
 46102 | Swamp:1  | Noticed Burgietje's ghost (adept GrFi)
 46116 | Swamp:1  | Found a transporter.
 46139 | Swamp:1  | Killed Burgietje's ghost
 46151 | Swamp:1  | Got a pitted hat
 46736 | Swamp:2  | Noticed Nikola
 46744 | Swamp:2  | Killed Nikola
 46944 | Swamp:2  | Identified the +0 hat "Duagur" {-Tele rElec rPois Stlth+}
                  | (You found it on level 1 of the Swamp)
 48379 | Swamp:4  | Entered Level 4 of the Swamp
 48431 | Swamp:4  | Reached skill level 10 in Spellcasting
 48571 | Swamp:4  | Reached skill level 5 in Necromancy
 48660 | Swamp:4  | Noticed the 27-headed Lernaean hydra
 48666 | Swamp:4  | Killed the 27-headed Lernaean hydra
 48963 | Swamp:4  | Got a decaying rune of Zot
 49128 | Swamp:4  | Reached XP level 19. HP: 150/156 MP: 31/38
 49910 | Vaults:1 | Entered Level 1 of the Vaults
 49911 | Vaults:1 | Reached skill level 26 in Earth Magic
 52005 | Vaults:2 | Found a runed translucent gate.
 52005 | Vaults:2 | Found a runed translucent gate.
 52005 | Vaults:2 | Found a runed translucent gate.
 52006 | Vaults:2 | Noticed Ruit's ghost (veteran MiFi)
 52955 | Depths:1 | Entered Level 1 of the Depths
 52958 | Depths:1 | Reached XP level 20. HP: 162/162 MP: 22/41
 53451 | Depths:1 | Found a shattered altar of Ashenzari.
 53493 | Depths:1 | Found a gateway to Hell.
 53964 | Depths:1 | Got a scorched ring mail
 53966 | Depths:1 | Identified the cursed +0 ring mail of Light {+Fly rF- MR++}
                  | (You found it on level 1 of the Depths)
 54459 | Depths:2 | Found a one-way gate leading to the halls of Pandemonium.
 54518 | Depths:2 | Reached skill level 27 in Earth Magic
 54524 | Depths:2 | HP: 5/162 [rime drake (shapeshifter)/flash freeze (6)]
 54885 | Depths:2 | Identified the +10 hand axe "Jellyslayer" {chop, *Slow +Inv
                  | MR+++ Str-3}
 54901 | Depths:2 | HP: 3/162 [tengu reaver/the +10 hand axe "Jellyslayer"
                  | {chop, *Slow +Inv MR+++ Str-3} (7)]
 54905 | Depths:2 | Killed from afar by a tengu reaver

Levels and vault maps discovered:
D:1:      lordsloth_arrival_two_stooges, layout_basic
D:2:      layout_basic
D:3:      layout_loops_ring, overflow_temple_1_default
D:4:      layout_basic, minmay_temple_entry_enclosed_plants,
          gup_sewer_entry_pipe
D:5:      cheibrodos_iron_armory, layout_basic, gammafunk_temple_overflow_claw,
          serial_shops, nicolae_shop_waterfront, gup_ossuary_entry_pyramid,
          first_ration
D:6:      layout_rooms, fedhas_bush_and_centaur_altar
D:7:      layout_loops_ring, kennysheep_mini_moat, serial_rivers,
          chequers_serial_rivers_micro_d, chequers_serial_rivers_marsh,
          chequers_serial_rivers_micro_d, chequers_serial_rivers_small_b,
          uniq_prince_ribbit1
D:8:      layout_loops_cross, uniq_psyche, uniq_grum
D:9:      layout_long_grid, doesnt_xom_only_xom, grunt_lair_entry_orc_guard_hut,
          basic_altar, uniq_erica
D:10:     layout_irregular_city, basic_altar, uniq_sonja, uniq_nergalle
D:11:     erik_cavepeople, layout_irregular_city, enter_bailey_7,
          hangedman_ranch [blue_anna_fruit_fields]
D:12:     layout_basic, uniq_josephine, uniq_rupert
D:13:     layout_gridville, gauntlet_entry_generic, enter_trove_3, serial_shops,
          shop, uniq_erolcha
D:14:     layout_loops_ring, david_vaults_4, ebering_ghost_rock_garden,
          uniq_snorg
D:15:     grunt_enter_depths_snipers, layout_stronghold, serial_shops, shop,
          basic_altar
Lair:1:   layout_gridlike, portal_ice_cave_rime, kennysheep_abandoned_house,
          grunt_megastairs_1
Lair:2:   layout_chaotic_city, hangedman_lair_generics_rect
Lair:3:   layout_loops_ring, swamp_mist_pool, infiniplex_staircase_pool
Lair:4:   layout_cave_shapes, nicolae_spider_entry_orb_guardian,
          kennysheep_basilisk_garden
Lair:5:   layout_regular_city, serial_bayou_shore_a, lemuel_fruit_tree
Lair:6:   evilmike_catoblepas_cave, layout_gridlike, slime_dummy,
          minmay_lair_oklob_items, small_statue_intersection, minivault_24,
          minmay_lindwurm_lava
Swamp:1:  layout_falls_marsh, gammafunk_ghost_arena, serial_swamp_ruin,
          evilmike_swamp_ruin_rubble_1, hangedman_swamp_ruin_wall,
          evilmike_swamp_ruin_house_4, uniq_frances, uniq_donald
Swamp:2:  layout_falls_marsh, evilmike_swamp_ruin_house_3, uniq_nikola
Swamp:3:  layout_falls_marsh, evilmike_swamp_ruin_house_5, swamp_pool1
Swamp:4:  swamp_basic_johnstein, layout_basic_swamp
Spider:1: layout_spider_delve
Spider:2: layout_spider_delve
Spider:3: layout_spider_delve
Spider:4: grunt_spider_rune_circles, uniq_arachne
Orc:1:    layout_diamond_mine, basic_altar, uniq_maurice, uniq_harold
Orc:2:    st_orc_rangers, layout_caves, mines2_david
Elf:1:    eino_elf_arrival_the_gate, layout_loops_cross, evilmike_minifort,
          roderic_lattice_octagonal_star
Elf:2:    layout_gridlike, serial_sigils_hangedman_confine, tgw_sif
Elf:3:    minmay_elf_hall, layout_gridlike
Vaults:1: vaults_room_octagon, v_misc_9, v_rooms_6, v_pattern_2, v_misc_9,
          ontoclasm_vaults_chip, v_misc_29, v_misc_19, v_misc_14,
          ontoclasm_vaults_fault, layout_vaults_omnicross
Vaults:2: gammafunk_vaults_ghost_necromancy, v_misc_1, v_misc_4, v_misc_29,
          nicolae_vaults_what_the_h, v_rooms_5, nicolae_vaults_little_squares_4,
          nicolae_vaults_little_squares_1, vaults_dpeg_hooks,
          layout_vaults_ring, serial_shops, shop_fountains
Depths:1: layout_cave_pools, serial_sigils_hangedman_leer, hell_entry,
          nicolae_water_bricks, chequers_serial_rivers_micro_a,
          evilmike_ruin_ashenzari
Depths:2: abrahamwl_protected_by_tso_2, layout_gridlike, ziggurat_fallback,
          rand_demon_pan_entry_8, grunt_hell_horde, serial_shops, shop,
          minmay_pinched_square

Skill      XL: |  1  2  3  4  5  6  7  8  9 10 11 12 13 14 15 16 17 18 19 20 |
---------------+-------------------------------------------------------------+-----
Dodging        | 2 3 4 5 6 7 8 9 10 | 10.7
Earth Magic    | 3 4 5 6 7 9 10 12 14 16 19 21 23 24 25 26 27 | 27.0
Spellcasting   | 2 3 4 5 6 7 9 10 11 12 | 12.2
Fighting       | 1 2 3 4 6 7 8 9 10 | 10.5
Necromancy     | 5 8 9 |  9.6
Stealth        | |  1.7
Transmutations | |  0.8

Action                   |  1- 3 |  4- 6 |  7- 9 | 10-12 | 13-15 | 16-18 | 19-21 || total
-------------------------+-------+-------+-------+-------+-------+-------+-------++-------
Melee: Mace              |    78 |     1 |       |       |       |       |       ||    79
       Short sword       |       |   178 |   222 |       |       |       |       ||   400
       Whip              |       |       |    38 |   162 |       |       |       ||   200
       Spear             |       |       |       |   539 |  1192 |   126 |       ||  1857
       Staff             |       |       |       |       |       |     6 |     5 ||    11
Throw: Stone             |       |       |     1 |       |       |     2 |       ||     3
 Cast: Sandblast         |    44 |    54 |   105 |   107 |   131 |   340 |    22 ||   803
       Lee's Rapid Decon |       |       |    21 |   105 |   271 |   314 |    20 ||   731
       Stone Arrow       |       |       |     1 |    32 |   123 |   104 |    25 ||   285
       Petrify           |       |       |       |     1 |    14 |    44 |    19 ||    78
       Borgnjor's Vile C |       |       |       |       |     5 |     3 |       ||     8
       Blink             |       |       |       |       |    11 |    22 |    16 ||    49
       Shatter           |       |       |       |       |     6 |    95 |   179 ||   280
       Sublimation of Bl |       |       |       |       |       |    70 |    75 ||   145
Evoke: Wand              |       |       |     6 |     8 |    19 |    33 |       ||    66
       Lightning rod     |       |       |       |       |       |    15 |       ||    15
       Staff of energy   |       |       |       |       |       |     1 |       ||     1
  Use: Scroll            |     6 |     4 |     5 |    10 |    27 |    19 |     6 ||    77
       Potion            |       |     1 |     2 |     3 |     7 |    21 |     4 ||    38
 Stab: Sleeping          |     6 |     5 |       |     3 |     6 |     2 |       ||    22
       Distracted        |       |       |     1 |     1 |     3 |       |       ||     5
       Petrified         |       |       |       |       |       |    19 |       ||    19
  Eat: Chunk             |     4 |     6 |    13 |    43 |    46 |    22 |     4 ||   138
       Ration            |       |       |     3 |     1 |     8 |    16 |     3 ||    31
Armor: Robe              |    13 |    61 |    72 |     2 |       |       |       ||   148
       Troll leather arm |       |       |       |   276 |   590 |   366 |    65 ||  1297
       Quicksilver drago |       |       |       |     2 |       |       |       ||     2
Dodge: Dodged            |    74 |   122 |   262 |   704 |  1409 |   771 |   167 ||  3509

Table legend:
 A = Non-vault XP
 B = Vault XP
 C = Vault XP percentage of total XP
 D = Non-vault monster count
 E = Vault monster count
 F = Vault count percentage of total count
                 A         B        C        D         E       F
            +---------+---------+-------+---------+---------+-------
      Total |  383570 |  239559 |  38.4 |    1197 |     489 |  29.0
            +---------+---------+-------+---------+---------+-------
        D:1 |      33 |       0 |   0.0 |      18 |       0 |   0.0
        D:2 |      55 |       0 |   0.0 |      20 |       0 |   0.0
        D:3 |      98 |       0 |   0.0 |      33 |       0 |   0.0
        D:4 |     179 |      18 |   9.1 |      20 |       7 |  25.9
        D:5 |     932 |      18 |   1.9 |      25 |       1 |   3.8
        D:6 |     826 |     112 |  11.9 |      27 |       1 |   3.6
        D:7 |     437 |     274 |  38.5 |      12 |       1 |   7.7
        D:8 |    2147 |    1064 |  33.1 |      27 |       6 |  18.2
        D:9 |    2253 |    1407 |  38.4 |      32 |       6 |  15.8
       D:10 |    4799 |    1595 |  24.9 |      54 |       2 |   3.6
       D:11 |    5678 |    4752 |  45.6 |      51 |      28 |  35.4
       D:12 |    3587 |    3723 |  50.9 |      28 |       5 |  15.2
       D:13 |   11665 |     980 |   7.8 |      35 |       1 |   2.8
       D:14 |    2899 |    4498 |  60.8 |       7 |       6 |  46.2
       D:15 |   14875 |    2571 |  14.7 |      36 |       3 |   7.7
     Lair:1 |    4007 |    1704 |  29.8 |      17 |      20 |  54.1
     Lair:2 |   10376 |    3139 |  23.2 |      44 |       7 |  13.7
     Lair:3 |    8797 |       0 |   0.0 |      34 |       0 |   0.0
     Lair:4 |    4231 |    1538 |  26.7 |      13 |       6 |  31.6
     Lair:5 |   15078 |       0 |   0.0 |      42 |       0 |   0.0
     Lair:6 |    6077 |   15390 |  71.7 |      26 |      28 |  51.9
    Swamp:1 |   10342 |    9093 |  46.8 |      30 |       9 |  23.1
    Swamp:2 |   12070 |    4139 |  25.5 |      30 |       1 |   3.2
    Swamp:3 |    6303 |     754 |  10.7 |      17 |       2 |  10.5
    Swamp:4 |   11122 |   21630 |  66.0 |      26 |      27 |  50.9
   Spider:1 |   16960 |       0 |   0.0 |      45 |       0 |   0.0
   Spider:2 |   21184 |       0 |   0.0 |      57 |       0 |   0.0
   Spider:3 |   13212 |    3311 |  20.0 |      30 |       1 |   3.2
   Spider:4 |   16045 |   22669 |  58.6 |      42 |      35 |  45.5
      Orc:1 |    5131 |    1559 |  23.3 |      28 |       5 |  15.2
      Orc:2 |    1466 |    6169 |  80.8 |      26 |      38 |  59.4
      Elf:1 |   17194 |    2335 |  12.0 |      30 |       4 |  11.8
      Elf:2 |   11608 |   22513 |  66.0 |      22 |      28 |  56.0
      Elf:3 |   19271 |   45049 |  70.0 |      30 |      25 |  45.5
   Vaults:1 |   52481 |   15330 |  22.6 |      85 |      29 |  25.4
   Vaults:2 |   27079 |   10474 |  27.9 |      38 |      18 |  32.1
   Depths:1 |   18155 |       0 |   0.0 |      23 |       0 |   0.0
   Depths:2 |   24918 |   20082 |  44.6 |      37 |      22 |  37.3
      Sewer |       0 |     152 | 100.0 |       0 |      13 | 100.0
    Ossuary |       0 |      72 | 100.0 |       0 |      21 | 100.0
     Bailey |       0 |    2939 | 100.0 |       0 |      26 | 100.0
      IceCv |       0 |    6430 | 100.0 |       0 |      54 | 100.0
   Gauntlet |       0 |    2076 | 100.0 |       0 |       3 | 100.0
            +---------+---------+-------+---------+---------+-------
